 Dungeon Crawl Stone Soup version 0.28-a0-429-g1448048969 (webtiles) character file.

Game seed: 12857273299590939360

4 SkeletonJelly the Firebug (level 1, -4/13 HPs)
             Began as a Deep Elf Cinder Acolyte on Sept 10, 2021.
             Was a High Priest of Ignis.
             Slain by a quokka (5 damage)
             ... on level 1 of the Dungeon.
             The game lasted 00:00:23 (485 turns).

SkeletonJelly the Firebug (Deep Elf Cinder Acolyte)  Turns: 485, Time: 00:00:24

Health: -4/13      AC:  2    Str: 11    XL:     1   Next: 50%
Magic:  5/5        EV: 11    Int: 18    God:    Ignis [*****.]
Gold:   16         SH:  0    Dex: 10    Spells: 3/3 levels left

rFire   + . .      SeeInvis .   a - -1 falchion (flame)
rCold   . . .      Faith    .   (no shield)
rNeg    . . .      Spirit   .   b - +0 robe
rPois   .          Reflect  .   (no helmet)
rElec   .          Harm     .   (no cloak)
rCorr   .          Rampage  .   (no gloves)
Will    .....                   (no boots)
Stlth   +.........              (no amulet)
HPRegen 0.04/turn               (no ring)
MPRegen 0.09/turn               (no ring)

@: no status effects
A: no striking features
a: Renounce Religion, Sea of Fire, Foxfire Swarm, Rising Flame


You were on level 1 of the Dungeon.
You worshipped Ignis.
Ignis was extremely pleased with you.
You visited 1 branch of the dungeon, and saw 1 of its levels.

You collected 16 gold pieces.

Inventory:

Hand Weapons
 a - a -1 falchion of flaming (weapon)
Armour
 b - a +0 robe (worn)
Scrolls
 d - a scroll of acquirement {unknown}
 e - a scroll of amnesia {unknown}
Potions
 c - a potion of curing {unknown}


   Skills:
 - Level 2.4 Fighting
 - Level 3.0 Long Blades
 + Level 1.5 Spellcasting
 * Level 3.3 Fire Magic


You had 3 spell levels left.
You didn't know any spells.
Your spell library contained the following spells:

 Spells                   Type           Power      Damage    Failure   Level
 Scorch                   Fire           26%        2d6       8%          2


Dungeon Overview and Level Annotations

Branches:
Dungeon (1/15)

Altars:


Message History

No target in view!
No target in view!
No target in view!
You see here a rat corpse.
You see here a rat corpse.
Key pressed, stopping explore.
Key pressed, stopping explore.
You open the door.
A bat and a rat come into view.
The bat hits you but does no damage.
Found a stone staircase leading down.
There are monsters nearby!
There are monsters nearby!
You barely miss the bat. The bat closely misses you. The bat hits you. x2
There is an open door here.
You take 2 damage, and have 11/13 hp.
You miss the bat. The bat completely misses you. The bat barely misses you.
The bat hits you.
You take 1 damage, and have 10/13 hp.
You barely miss the bat. The bat hits you but does no damage.
The bat completely misses you.
You hit the rat but do no damage. The bat hits you but does no damage.
The rat bites you but does no damage.
You hit the rat. You burn the rat.
You kill the rat!
The bat closely misses you. The bat barely misses you. The bat misses you.
The bat closely misses you. The bat hits you. The bat barely misses you.
You take 1 damage, and have 9/13 hp.
The bat closely misses you.
You miss the bat. The bat closely misses you.
The bat hits you but does no damage. The bat hits you.
You take 1 damage, and have 8/13 hp.
You hit the bat. You burn the bat.
You kill the bat!
No target in view!
No target in view!
No target in view!
No target in view!
No target in view!
Key pressed, stopping explore.
There is an open door, spattered with blood here.
Key pressed, stopping explore.
You open the door.
A hobgoblin comes into view.
Found 9 gold pieces.
Health restored: 13 A hobgoblin is nearby!
A hobgoblin is nearby!
A hobgoblin is nearby!
There is an open door here.
You slash the hobgoblin! You burn the hobgoblin.
You kill the hobgoblin!
Training target 3.0 for Long Blades reached!
Your Long Blades skill increases to level 3!
You need to enable at least one skill for training.
You now have 16 gold pieces (gained 9).
You open the door.
Found 31 arrows.
There is an open door here.
e - a scroll labelled BAVVEQ MOUSU KESK As you open the door, it creaks loudly!
There is an open door here.
Found a stone staircase leading down.
You open the door.
There is an open door here.
Key pressed, stopping explore.
As you open the door, it creaks loudly!
A quokka comes into view.
Found a short sword.
A quokka is nearby!
Found a white potion.
The quokka bites you.
There is an open door here.
You take 1 damage, and have 12/13 hp.
You barely miss the quokka. The quokka barely misses you.
The quokka bites you but does no damage.
You barely miss the quokka. The quokka misses you.
You miss the quokka. The quokka barely misses you. The quokka bites you.
You take 3 damage, and have 9/13 hp.
MASSIVE DAMAGE!!
You barely miss the quokka. The quokka bites you.
You take 4 damage, and have 5/13 hp.
MASSIVE DAMAGE!!
You are too injured to fight recklessly!
You are too injured to fight recklessly!
You are too injured to fight recklessly!
You are too injured to fight recklessly!
You are too injured to fight recklessly!
You are too injured to fight recklessly!
You are too injured to fight recklessly!
You barely miss the quokka. The quokka bites you.
You take 1 damage, and have 4/13 hp.
You closely miss the quokka. The quokka bites you.
* * * LOW HITPOINT WARNING * * *
The quokka closely misses you.
You take 3 damage, and have 1/13 hp.
MASSIVE DAMAGE!!
You hit the quokka but do no damage. The quokka bites you.
You die...

#.....##..###...
#####.....##....+...
#.....#######.###...
#.##### #.# #... #.#
#>. +... #.# #.#
#... #.# ####### #.#
#... #.##....).. ..#
#..@.......
####r...... .......
....... .....##
.....# .....# ....!#


You could see a quokka.

Vanquished Creatures
  A hobgoblin (D:1)
  A bat (D:1)
  A kobold (D:1)
  2 rats (D:1)
5 creatures vanquished.

Notes
Turn   | Place    | Note
-------+----------+-------------------------------------------
     0 | D:1      | SkeletonJelly the Deep Elf Cinder Acolyte began the quest
                  | for the Orb.
     0 | D:1      | Reached XP level 1. HP: 13/13 MP: 5/5
   485 | D:1      | Slain by a quokka

Illustrated notes

Levels and vault maps discovered:
D:1:      matt_arrival_grand_opening, layout_basic

Skill      XL: |  1 |
---------------+----+-----
Long Blades    | 3 |  3.0
Fighting       | |  2.4
Spellcasting   | |  1.5
Fire Magic     | |  3.3

Action                   || total
-------------------------++-------
Melee: Falchion          ||    20
Armor: Robe              ||     7
Dodge: Dodged            ||    16

Table legend: (Time is in decaauts)
 A = Elapsed time spent in this place.
 B = Non-inter-level travel time spent in this place.
 C = Inter-level travel time spent in this place.
 D = Time resting spent in this place.
 E = Time spent auto-exploring this place.
 F = Levels seen in this place.
 G = Mean time per level.
                   A        B        C        D        E       F      G
               +--------+--------+--------+--------+--------+-----+--------+
         Total |    488 |    488 |      0 |      0 |    439 |   1 |  488.0 |
       Dungeon |    488 |    488 |      0 |      0 |    439 |   1 |  488.0 |
               +--------+--------+--------+--------+--------+-----+--------+

Top non-repeatable levels by time:
     D:1: 488 daAuts
